cohdb
Replays
Latest Replays
All Replays
Popular Replays
Top Player Replays
Match Explorer
How It Works
Community
CoH3 Stats
Reddit
Sign in to upload your games and track your stats! →
Sign in with Steam
Match 43617486
Unlisted
Match 43617486
Overview
Messages
Build Orders
End
Selects Italian Combined Arms Battlegroup
Selects Bersaglieri Squad
Bersaglieri Squad
Kradschützen Motorcycle Team
Bersaglieri Squad
Bersaglieri Squad
Construct Light Support Kompanie
2.5-tonne Medical Truck
Selects Bersaglieri Bolster
Fire Support Elements
Panzerjäger Mechanized Group
Selects Breda Model 30 Light Machine Guns
Flakvierling Half-track
Panzerjäger Mechanized Group
Selects Semovente da 75/18 Assault Gun
Selects Carro Armato M13/40 Light Tank
bigcheese
I AM NOOB
AxleInCommand
tweaky
0
0
Comments
sign in to comment!
No comments posted yet!